 Dungeon Crawl Stone Soup version 0.31-a0-198-g2ad674f65e (webtiles) character file.

Game seed: 2148396022718858129

81 qw the Shooter (level 4, -2/25 HPs)
             Began as a Deep Elf Hunter on June 25, 2023.
             Killed by nerve-wracking pain
             ... invoked by Grinder
              (4 damage)
             ... on level 3 of the Dungeon.
             The game lasted 00:01:11 (1579 turns).

qw the Shooter (Deep Elf Hunter)                    Turns: 1579, Time: 00:01:12

Health: -2/25      AC:  6    Str: 10    XL:     4   Next: 20%
Magic:  6/6        EV: 11    Int: 14    God:
Gold:   104        SH:  5    Dex: 24    Spells: 3/3 levels left

rFire   . . .        Y - +0 shortbow
rCold   . . .        (shield currently unavailable)
rNeg    . . .        p - +0 ring mail
rPois   .            g - +0 helmet
rElec   .            (no cloak)
rCorr   .            (no gloves)
SInv    .            (no boots)
Will    .....        k - amulet of reflection
Stlth   ++           h - +6 ring of dexterity
HPRegen 0.24/turn    (no ring)
MPRegen 0.10/turn

%: reflection
@: no status effects
A: no striking features
a: no special abilities


You were on level 3 of the Dungeon.
You visited 1 branch of the dungeon, and saw 3 of its levels.

You collected 104 gold pieces.


   Skills:
 - Level 1.5 Fighting
 + Level 7.6 Ranged Weapons
 - Level 2.4 Dodging
 - Level 1.2 Stealth


You had 3 spell levels left.
You didn't know any spells.
Your spell library was empty.

Inventory:

Hand Weapons
 Y - a +0 shortbow (weapon)
Armour
 g - a +0 helmet (worn)
 p - a +0 ring mail (worn)
Jewellery
 h - a +6 ring of dexterity (left hand)
 k - an amulet of reflection (around neck)
 o - a ring of ice
Scrolls
 f - a scroll of identify
Potions
 l - a potion of might
 n - a potion of haste {unknown}

Dungeon Overview and Level Annotations

Branches:
Dungeon (3/15)

Altars:

Annotations:
D:3 Grinder


Message History

Your amulet of reflection unmelds from your body.
You feel agile.
You feel a shielding aura gather around you.
You see here a +0 club.
1561 ||| STILL FLEEEEING.
1562 ||| STILL FLEEEEING.
You start resting.
Grinder is nearby!
You shoot an arrow. The arrow completely misses Grinder.
You shoot an arrow. The arrow closely misses Grinder.
You shoot an arrow.
The arrow hits Grinder but does no damage.
Grinder is severely wounded.
Grinder hits you but does no damage. Grinder gestures at you.
Pain shoots through your body!
You shoot an arrow. The arrow closely misses Grinder.
Grinder zaps a wand.
You resist with some effort.
You shoot an arrow. The arrow barely misses Grinder.
Grinder hits you.
You shoot an arrow. The arrow hits Grinder!
Grinder is severely wounded.
Grinder gestures at you. Pain shoots through your body!
You shoot an arrow. The arrow hits Grinder.
Grinder is almost dead.
Grinder barely misses you.
You shoot an arrow. The arrow closely misses Grinder.
Grinder gestures at you.
You suddenly lose the ability to move!
Grinder hits you but does no damage. Grinder hits you.
You writhe in agony.
Grinder says, "Just stop there for a second..."
Grinder zaps a wand.
You resist with some effort. Grinder gestures at you.
You shrug off the repeated paralysis!
You can move again.
You shoot an arrow. The arrow barely misses Grinder.
Grinder gestures at you. Pain shoots through your body!
You die...

#.# #.# ..# ######.###
#.........
#...#####<####.###
#.........####.#######
#.....................
#.############@#######
##.# #.)5.# #P.###
#.####
##~PP.#######.##
#.~~~~.P~..##..#
#~~7~77~~..##..#
P~77777~..)....# P~77
77))#.##.#
P~P77777~P..##.#


You could see Grinder.

Vanquished Creatures
  An orc wizard (D:3)
  2 adders (D:2)
  A worm (D:2)
  A dart slug (D:1)
  2 orcs (D:3)
  2 endoplasms (D:2)
  A giant cockroach (D:1)
  3 goblins
  A hobgoblin (D:2)
  3 quokkas (D:1)
  5 ball pythons
  4 bats
  2 frilled lizards
  A kobold (D:2)
  3 rats
32 creatures vanquished.

Notes
Turn   | Place    | Note
-------+----------+-------------------------------------------
     0 | D:1      | qw the Deep Elf Hunter began the quest for the Orb.
     0 | D:1      | Reached XP level 1. HP: 12/12 MP: 3/3
     0 | D:1      | 0 ||| qw: Version: 0.3-a-22-g0ed2b0b
     0 | D:1      | 0 ||| qw: Game counter: 5413
     0 | D:1      | 0 ||| qw: Melee chars always use a shield: true
     0 | D:1      | 0 ||| qw: God list: Okawaru
     0 | D:1      | 0 ||| qw: Allow faded altars: false
     0 | D:1      | 0 ||| qw: Do Orc after clearing Dungeon:15 true
     0 | D:1      | 0 ||| qw: Do second Lair branch before Depths: true
     0 | D:1      | 0 ||| qw: Lair rune preference: random
     0 | D:1      | 0 ||| qw: Goals: Normal
     0 | D:1      | 0 ||| PLANNING D:1-11
    84 | D:1      | Reached skill level 6 in Ranged Weapons
    84 | D:1      | Reached XP level 2. HP: 16/16 MP: 4/4
   158 | D:1      | Found a faded altar of an unknown god.
   443 | D:1      | 443 ||| UPGRADING to +0 helmet.
   448 | D:1      | 448 ||| UPGRADING to amulet of regeneration.
   453 | D:1      | 453 ||| READING scroll labelled TOOKKA KODGH.
   454 | D:1      | 454 ||| READING scroll labelled TOT TIMMUFAIH.
   455 | D:1      | 455 ||| READING scroll labelled FOJIERCH SANAG.
   459 | D:1      | 459 ||| DROPPING scroll of butterflies.
   614 | D:2      | Reached XP level 3. HP: 20/20 MP: 5/5
  1131 | D:2      | Reached skill level 7 in Ranged Weapons
  1235 | D:2      | 1235 ||| UPGRADING to +0 scale mail.
  1245 | D:2      | 1245 ||| DROPPING +0 leather armour.
  1246 | D:2      | 1246 ||| UPGRADING to +0 ring mail.
  1256 | D:2      | 1256 ||| DROPPING +0 scale mail.
  1257 | D:2      | 1257 ||| UPGRADING to amulet of reflection.
  1267 | D:2      | 1267 ||| DROPPING amulet of regeneration.
  1268 | D:2      | 1268 ||| UPGRADING to +6 ring of dexterity.
  1269 | D:2      | 1269 ||| READING 2 scrolls labelled KENLEO WIXKEN.
  1270 | D:2      | 1270 ||| READING scroll labelled QUUMAHEXIY.
  1271 | D:2      | 1271 ||| READING scroll labelled FOFFUNK MAUTZARGH.
  1272 | D:2      | 1272 ||| READING 3 scrolls of identify.
  1272 | D:2      | 1272 ||| IDENTIFYING orange potion
  1273 | D:2      | 1273 ||| READING 2 scrolls of identify.
  1273 | D:2      | 1273 ||| IDENTIFYING metallic blue potion
  1274 | D:2      | 1274 ||| DROPPING scroll of poison.
  1276 | D:2      | 1276 ||| Stepping ~*~*~tactically~*~*~ (cloud).
  1277 | D:2      | 1277 ||| DRINKING potion of curing.
  1277 | D:2      | 1277 ||| (to cure poison)
  1340 | D:3      | 1340 ||| PLANNING SEWER
  1384 | D:3      | 1384 ||| Stepping ~*~*~tactically~*~*~ (outnumbered).
  1386 | D:3      | 1386 ||| Stepping ~*~*~tactically~*~*~ (outnumbered).
  1388 | D:3      | 1388 ||| PLANNING SEWER
  1411 | D:3      | Reached XP level 4. HP: 11/25 MP: 6/6
  1494 | D:3      | Noticed Grinder
  1503 | D:3      | 1503 ||| READING scroll of teleportation.
  1506 | D:3      | 1506 ||| FLEEEEING.
  1507 | D:3      | 1507 ||| FLEEEEING.
  1508 | D:3      | 1508 ||| FLEEEEING.
  1509 | D:3      | 1509 ||| FLEEEEING.
  1544 | D:3      | Paralysed by Grinder for 5 turns
  1549 | D:3      | 1549 ||| FLEEEEING.
  1550 | D:3      | 1550 ||| FLEEEEING.
  1551 | D:3      | 1551 ||| FLEEEEING.
  1553 | D:3      | 1553 ||| FLEEEEING.
  1575 | D:3      | Paralysed by Grinder for 4 turns
  1576 | D:3      | HP: 6/25 [Grinder (2)]
  1576 | D:3      | HP: 1/25 [Grinder (5)]
  1579 | D:3      | Killed from afar by Grinder

Levels and vault maps discovered:
D:1:      minmay_arrival_pointy, layout_basic, ebering_ecumenical_altar_hall,
          st_stairs_11
D:2:      layout_loops_corners
D:3:      minmay_evil_eye, layout_loops_ring, portal_sewer_entry_f,
          serial_bayou_pond_c, uniq_pargi, uniq_grinder, uniq_crazy_yiuf_cottage

Skill      XL: |  1  2  3 |
---------------+----------+-----
Ranged Weapons | 6 7 |  7.6
Fighting       | |  1.5
Dodging        | |  2.4
Stealth        | |  1.2

Action                     |  1- 3 |  4- 6 || total
---------------------------+-------+-------++-------
   Fire: Shortbow          |    79 |    18 ||    97
    Use: Scroll            |     8 |     1 ||     9
         Potion            |     1 |       ||     1
 Armour: Ring mail         |     4 |     2 ||     6
         Leather armour    |     1 |       ||     1
  Dodge: Dodged            |     9 |     3 ||    12
  Block: Other             |     4 |       ||     4

Table legend:
 A = Non-vault XP
 B = Vault XP
 C = Vault XP percentage of total XP
 D = Non-vault monster count
 E = Vault monster count
 F = Vault count percentage of total count
                 A         B        C        D         E       F
            +---------+---------+-------+---------+---------+-------
      Total |     108 |       9 |   7.7 |      28 |       4 |  12.5
            +---------+---------+-------+---------+---------+-------
        D:1 |      15 |       9 |  37.5 |      10 |       4 |  28.6
        D:2 |      51 |       0 |   0.0 |      15 |       0 |   0.0
        D:3 |      42 |       0 |   0.0 |       3 |       0 |   0.0
            +---------+---------+-------+---------+---------+-------
